 Dungeon Crawl Stone Soup version 0.24-a0-264-gf46a388 (webtiles) character file.

Game seed: 3221418155711230162

60289 Firecrotchwizard the Bludgeoner (level 14, -3/124 HPs)
             Began as a Minotaur Gladiator on Apr 20, 2019.
             Was the Champion of Makhleb.
             Slain by Frances
             ... wielding a +0 long sword
              (10 damage)
             ... on level 12 of the Dungeon.
             The game lasted 00:36:44 (15756 turns).

Firecrotchwizard the Bludgeoner (MiGl)             Turns: 15756, Time: 00:36:45

Health: -3/124     AC: 24    Str: 19    XL:     14   Next: 56%
Magic:  22/22      EV:  9    Int: 10    God:    Makhleb [******]
Gold:   1248       SH: 14    Dex: 17    Spells: 13/13 levels left

rFire    . . .     SeeInvis .   i - +0 morningstar (venom)
rCold    . . .     Gourm    .   k - +0 shield
rNeg     . . .     Faith    .   p - +0 plate armour
rPois    +         Spirit   .   s - +2 hat
rElec    .         Reflect  .   B - +2 cloak {rPois}
rCorr    .         Harm     .   O - +2 pair of gloves
MR       +....                  y - +0 pair of boots
Stlth    ..........             (no amulet)
HPRegen  0.30/turn              D - ring of poison resistance {rPois, !d}
MPRegen  0.18/turn              I - +5 ring of intelligence

@: studying Earth Magic
A: retaliatory headbutt, horns 2
a: Minor Destruction, Lesser Servant of Makhleb, Major Destruction, Greater
Servant of Makhleb, Renounce Religion


You were on level 12 of the Dungeon.
You worshipped Makhleb.
Makhleb was exalted by your worship.
You were not hungry.

You visited 3 branches of the dungeon, and saw 19 of its levels.
You also visited: Sewer, Ice Cave and Volcano.

You collected 1248 gold pieces.

Inventory:

Hand Weapons
 i - a +0 morningstar of venom (weapon)
   (You took it off an orc priest on level 6 of the Dungeon)
 C - the +10 mace of Oxechif {crush, Str+6}
   (You found it on level 5 of the Dungeon)

   It inflicts extra damage upon your enemies.
   It affects your strength (+6).
Missiles
 d - 3 throwing nets {=f, !d}
 G - 7 curare-tipped needles
Armour
 k - a +0 shield (worn)
   (You found it on level 1 of the Dungeon)
 p - a +0 plate armour (worn)
   (You took it off an orc warrior on level 7 of the Dungeon)
 s - a +2 hat (worn)
   (You found it on level 3 of the Dungeon)
 y - a +0 pair of boots (worn)
   (You found it on level 4 of the Lair of Beasts)
 B - a +2 cloak of poison resistance (worn)
   (You took it off Crazy Yiuf on level 5 of the Dungeon)
 M - a +2 cloak of fire resistance
   (You found it in a volcano)
 O - a +2 pair of gloves (worn)
   (You found it on level 5 of the Lair of Beasts)
Jewellery
 D - a ring of poison resistance (left hand) {rPois, !d}
   (You found it on level 1 of the Lair of Beasts)
 I - a +5 ring of intelligence (right hand)
   (You found it on level 3 of the Lair of Beasts)
 Q - the ring "Hoiz Yza" {+Inv +Fly rC+ Str+2 Int+5, unknown}
   (You found it on level 11 of the Dungeon)

   [ring of protection from cold]

   It affects your strength (+2).
   It affects your intelligence (+5).
   It protects you from cold.
   It lets you turn invisible.
   It lets you fly.
Wands
 a - a wand of paralysis (6)
   (You found it on level 10 of the Dungeon)
 z - a wand of random effects (47)
   (You found it on level 7 of the Dungeon)
 A - a wand of disintegration (37)
   (You found it on level 5 of the Dungeon)
 L - a wand of acid (8)
   (You found it on level 5 of the Lair of Beasts)
 N - a wand of iceblast (7)
   (You found it on level 5 of the Lair of Beasts)
 S - a wand of enslavement (9)
   (You found it on level 12 of the Dungeon)
Scrolls
 l - 7 scrolls of remove curse
 m - 2 scrolls of amnesia
 n - 9 scrolls of identify
 q - 5 scrolls of enchant weapon
 u - 11 scrolls of teleportation
 w - 5 scrolls of blinking {!r}
 H - 5 scrolls of magic mapping {!r}
Potions
 b - a potion of cancellation {unknown}
 c - a potion of haste {unknown}
 e - 7 potions of curing
 g - a potion of magic {unknown}
 h - 3 potions of might
 j - 2 potions of ambrosia {unknown}
 o - 2 potions of lignification {unknown}
 t - 3 potions of heal wounds
 v - a potion of agility {unknown}
 x - 4 potions of flight {unknown}
 E - 2 potions of invisibility {unknown}
 F - 3 potions of berserk rage {unknown}
 J - a potion of brilliance {unknown}
 K - a potion of degeneration {unknown}
Books
 P - a manual of Earth Magic {!d}
   (You found it on level 6 of the Lair of Beasts)
Miscellaneous
 R - a lightning rod (4/4)
   (You found it on level 6 of the Lair of Beasts)
Comestibles
 f - 23 rations
 r - 6 chunks of flesh {@w0}


   Skills:
 + Level 11.2 Fighting
 - Level 16.0 Maces & Flails
 - Level 2.0 Throwing
 - Level 10.0 Armour
 + Level 5.1 Dodging
 - Level 15.0 Shields
 + Level 12.2 Invocations


You had 13 spell levels left.
You didn't know any spells.
Your spell library contained the following spells:

 Spells                   Type           Power        Failure   Level  Hunger
 Beastly Appendage        Tmut           #.....       100%        1    ##.....
 Magic Dart               Conj           #...         100%        1    ##.....
 Sandblast                Erth           #.....       100%        1    ##.....
 Shock                    Conj/Air       #...         100%        1    ##.....
 Summon Butterflies       Summ           #.......     100%        1    ##.....
 Blink                    Tloc           N/A          100%        2    ###....
 Call Imp                 Summ           #.......     100%        2    ###....
 Passwall                 Tmut/Erth      #.......     100%        2    ###....
 Searing Ray              Conj           #.....       100%        2    ###....
 Slow                     Hex            #.......     100%        2    ###....
 Sticks to Snakes         Tmut           #.......     100%        2    ###....
 Swiftness                Chrm/Air       #.......     100%        2    ###....
 Call Canine Familiar     Summ           #.......     100%        3    ####...
 Conjure Flame            Conj/Fire      #.......     100%        3    ####...
 Dazzling Spray           Conj/Hex       #.....       100%        3    ####...
 Mephitic Cloud           Conj/Pois/Air  #.......     100%        3    ####...
 Spider Form              Tmut/Pois      #.........   100%        3    ####...
 Static Discharge         Conj/Air       #.......     100%        3    ####...
 Stone Arrow              Conj/Erth      #.....       100%        3    ####...
 Airstrike                Air            #.........   100%        4    #####..
 Force Lance              Conj/Tloc      #.......     100%        4    #####..
 Fulminant Prism          Conj/Hex       #.........   100%        4    #####..
 Ice Form                 Ice/Tmut       #.......     100%        4    #####..
 Iskenderun's Mystic Bla  Conj           #.......     100%        4    #####..
 Petrify                  Tmut/Erth      #.......     100%        4    #####..
 Summon Ice Beast         Ice/Summ       #.......     100%        4    #####..
 Blade Hands              Tmut           #.........   100%        5    ######.
 Lee's Rapid Deconstruct  Erth           #.........   100%        5    ######.
 Lightning Bolt           Conj/Air       #.........   100%        5    ######.
 Summon Mana Viper        Hex/Summ       #.......     100%        5    ######.
 Summon Hydra             Summ           #.........   100%        7    #######
 Ignition                 Fire           #.........   100%        8    #######
 Shatter                  Erth           #.........   100%        9    #######
 Tornado                  Air            #.........   100%        9    #######


Dungeon Overview and Level Annotations

Branches:
Dungeon (12/15)            Temple (1/1) D:7            Lair (6/6) D:8
  Swamp (0/4) Lair:2       Spider (0/4) Lair:2        Slime (0/5) Lair:6
    Orc (0/2) D:11

Altars:
Ashenzari
Cheibriados
Dithmenos
Elyvilon
Fedhas
Gozag
Hepliaklqana
Kikubaaqudgha
Makhleb
Nemelex Xobeh
Okawaru
Ru
Sif Muna
Trog
Uskayaw
Vehumet
Wu Jian
Xom
Yredelemnul
Zin
The Shining One

Shops:
D:6 :

Annotations:
D:10 1 runed translucent door, exilicon's ghost, journeyman DrFE
D:11 2 transporters
D:12 Frances
Lair:1 exclusion: 2 oklob plants
Lair:2 3 runed translucent doors, Joijeorph's ghost, journeyman GnAM
Lair:5 exclusion: 3 oklob plants


Innate Abilities, Weirdness & Mutations

You reflexively headbutt those who attack you in melee.
You have a pair of horns on your head.


Message History

Things that are here:
a +0 giant spiked club; a +0 giant club; a two-headed ogre corpse You hear some strange, mumbled words.
You hear a zap.
Something tries to affect you, but you resist.
Things that are here:
a +0 war axe; a +0 leather armour
Things that are here:
a +0 giant spiked club; a +0 giant club; a two-headed ogre corpse You start waiting.
Your transformation is almost over.
You start waiting.
Makhleb accepts your kill.
You feel a bit more experienced.
Unknown command.
Autoeating chunks.
Eating one of 7 chunks of flesh {@w0}.
You eat one of the 7 chunks of flesh {@w0}.
You stop sporulating.
Your +0 morningstar of venom unmelds from your body.
Your +2 cloak of poison resistance unmelds from your body.
Your +2 hat unmelds from your body.
Your +2 pair of gloves unmelds from your body.
Your +0 pair of boots unmelds from your body.
Your +0 shield unmelds from your body.
Your +0 plate armour unmelds from your body.
Your +0 morningstar of venom begins to drip with poison!
You feel resistant to poison.
Found a stone staircase leading down.
Frances shouts!
Frances mutters in a terrible tongue.
The shard of ice hits you!!
You take 34 damage, and have 90/124 hp.
MASSIVE DAMAGE!!
You feel better.
You regained 8 hp, and now have 98/124 hp.
You feel better.
You regained 10 hp, and now have 108/124 hp.
A demon appears!
It doesn't seem very happy.
Frances hits you with a +0 long sword!
You take 24 damage, and have 84/124 hp.
A demon appears!
Frances hits you but does no damage.
You take 10 damage, and have 74/124 hp.
You hit the green death but do no damage.
The green death is poisoned.
You hit the green death. You headbutt the green death.
Frances screams a word of power!
You block the green death's attack.
Your cacodemon hits the green death but does no damage.
Your cacodemon hits the green death! You puncture the green death!
Frances chants phrases taken from a devil's mouth.
The iron shot hits you!!
The green death hits you but does no damage.
Your cacodemon closely misses the green death.
Your cacodemon hits the green death!
You take 32 damage, and have 43/124 hp.
MASSIVE DAMAGE!!
You thump the green death!
The green death looks as sick as possible!
Frances hits you with a +0 long sword!
* * * LOW HITPOINT WARNING * * *
You take 8 damage, and have 35/124 hp.
Unknown command.
You puncture the green death! You headbutt the green death!
The green death hits you!
* * * LOW HITPOINT WARNING * * *
Your cacodemon hits the green death!!
The green death dies!
You take 8 damage, and have 27/124 hp.
Your plate armour prevents you from hitting Frances.
You headbutt Frances, but do no damage. You block the sixfirhy's attack. x2
The sixfirhy barely misses you. You furiously retaliate!
You headbutt the sixfirhy.
Frances screams a word of power!
Send 'em back where they came from!
Your cacodemon shudders.
You sock Frances! You block the sixfirhy's attack.
The sixfirhy hits you but does no damage.
You block the sixfirhy's attack.
You barely miss Frances. The sixfirhy hits you!
* * * LOW HITPOINT WARNING * * *
The sixfirhy shocks you!
* * * LOW HITPOINT WARNING * * *
The sixfirhy closely misses you. You furiously retaliate!
You headbutt the sixfirhy! You block Frances's attack.
Your cacodemon closely misses Frances.
Your cacodemon hits Frances!
You take 16 damage, and have 12/124 hp.
You hit Frances but do no damage. Your headbutt misses Frances.
Your cacodemon hits Frances. x2
Frances chants phrases taken from a devil's mouth.
The shard of ice hits you.
* * * LOW HITPOINT WARNING * * *
You take 6 damage, and have 6/124 hp.
You bludgeon Frances!! You barely miss Frances. Your headbutt misses Frances.
Your cacodemon gestures at Frances.
Frances resists with almost no effort.
Frances hits you with a +0 long sword!
You die...

###### .....#########.###
#......#.........#
...#.#.##.####.#.####
...............#.#.@
.....#..#.######3#.# #..
...#........#...@#.#.....
................2@4>.....
......#.....#.####....#..
......#..####+# #......
.!....#..# .###.#
....#.#... # # .........
#####.#. ......


You could see Frances, a sixfirhy, a chaos spawn and a friendly cacodemon.

Vanquished Creatures
  Josephine (D:11)
  7 hydras
  A centaur warrior (Volcano)
  A merfolk avatar (Lair:6)
  Erica (D:9)
  2 two-headed ogres
  5 death yaks (Lair:6)
  Urug (D:11)
  A hell knight (Volcano)
  A deep elf mage (D:12)
  An ugly thing (D:10)
  2 manticores
  Maurice (D:12)
  6 black mambas
  6 elephants
  2 centaur zombies (D:12)
  A molten gargoyle (Volcano)
  2 centaur skeletons
  A gargoyle (Volcano)
  A torpor snail (Lair:3)
  7 spiny frogs
  3 rime drakes
  8 komodo dragons
  2 yaktaurs (Volcano)
  5 polar bears (Lair:6)
  3 wind drakes (Lair:6)
  3 trolls
  3 hornets
  Grinder (D:2)
  5 blink frogs
  7 hippogriffs
  A dream sheep (Lair:4)
  A spriggan (D:7)
  4 wraiths
  74 yaks
  2 fire bats (Volcano)
  5 wyverns
  A basilisk (Lair:1)
  4 vampire mosquitoes (D:12)
  Grum (D:11)
  A soldier ant (D:10)
  2 wargs (D:8)
  2 swamp worms (Lair:2)
  15 water moccasins
  9 porcupines
  6 orc warriors
  A sky beast (D:10)
  5 black bears
  11 ogres
  A phantom (D:12)
  A necrophage (D:11)
  3 centaurs
  26 wolves
  14 crocodiles
  2 big kobolds (D:11)
  18 bullfrogs
  3 gnoll sergeants (D:11)
  A scorpion (Lair:2)
  A water moccasin skeleton (D:10)
  17 killer bees
  14 wights
  A bullfrog zombie (D:11)
  10 crimson imps
  3 lava snakes (Volcano)
  A quasit (D:8)
  4 jellies
  6 orc priests
  9 hounds
  11 orc wizards
  3 bullfrog skeletons
  Crazy Yiuf (D:5)
  2 iguanas
  11 worker ants
  2 hound skeletons (D:7)
  Robin (D:3)
  A howler monkey zombie (D:8)
  5 gnolls
  23 adders
  A river rat (D:6)
  2 shadow imps
  2 adder skeletons
  5 worms
  2 dart slugs (D:1)
  9 leopard geckos
  47 orcs
  3 ball pythons
  7 bats
  10 giant cockroaches
  19 goblins
  10 hobgoblins
  10 jackals
  3 quokkas
  10 frilled lizards
  A jackal zombie (D:8)
  4 kobolds
  A leopard gecko skeleton (D:5)
  A quokka skeleton (D:7)
  14 rats
592 creatures vanquished.

Vanquished Creatures (collateral kills)
  Snorg (Lair:6)
  2 hydras
  An elephant (Lair:6)
  2 blink frogs (Lair:6)
  2 yaks (Lair:6)
  A crocodile (Lair:6)
9 creatures vanquished.

Vanquished Creatures (others)
  5 fungi
  15 plants
20 creatures vanquished.

Grand Total: 621 creatures vanquished

Notes
Turn   | Place    | Note
-------+----------+-------------------------------------------
     0 | D:1      | Firecrotchwizard the Minotaur Gladiator began the quest for
                  | the Orb.
     0 | D:1      | Reached XP level 1. HP: 18/18 MP: 0/0
   244 | D:1      | Reached skill level 4 in Maces & Flails
   258 | D:1      | Reached XP level 2. HP: 23/25 MP: 1/1
   614 | D:1      | Reached XP level 3. HP: 30/30 MP: 2/2
   794 | D:2      | Reached skill level 3 in Fighting
   921 | D:2      | Reached skill level 1 in Shields
   930 | D:2      | Reached skill level 1 in Armour
   932 | D:2      | Reached XP level 4. HP: 36/38 MP: 3/3
  1188 | D:3      | Reached skill level 5 in Maces & Flails
  1428 | D:3      | Reached XP level 5. HP: 43/45 MP: 4/4
  1443 | D:3      | Reached skill level 2 in Shields
  1658 | D:3      | Noticed Grinder
  1681 | D:2      | Paralysed by Grinder for 7 turns
  1700 | D:2      | Killed Grinder
  1700 | D:2      | Reached skill level 4 in Fighting
  1700 | D:2      | Reached skill level 6 in Maces & Flails
  1700 | D:2      | Reached skill level 2 in Armour
  1700 | D:2      | Reached XP level 6. HP: 35/52 MP: 5/5
  1918 | D:3      | Noticed Robin
  1956 | D:3      | Killed Robin
  2080 | D:3      | Reached skill level 3 in Shields
  2202 | D:4      | Found a blossoming altar of Fedhas.
  2228 | D:4      | Reached skill level 3 in Armour
  2319 | D:4      | You fall through a shaft for 3 floors!
  2319 | D:7      | Found a staircase to the Ecumenical Temple.
  2325 | Temple   | Entered the Ecumenical Temple
  2374 | Temple   | Became a worshipper of Makhleb the Destroyer
  2392 | D:7      | Noticed a hippogriff
  2401 | D:7      | Killed a hippogriff
  2401 | D:7      | Reached skill level 7 in Maces & Flails
  2401 | D:7      | Reached XP level 7. HP: 56/60 MP: 6/6
  2439 | D:7      | Reached skill level 5 in Fighting
  2584 | D:7      | Reached skill level 4 in Armour
  2584 | D:7      | Reached skill level 4 in Shields
  2640 | D:7      | Noticed a spriggan baker
  2651 | D:7      | Killed a spriggan baker
  2651 | D:7      | Reached skill level 8 in Maces & Flails
  2841 | D:7      | Reached XP level 8. HP: 68/69 MP: 7/7
  2943 | D:6      | Found Siupn's Book Shop.
  3029 | D:6      | Reached * piety under Makhleb
  3239 | D:6      | Reached skill level 6 in Fighting
  3239 | D:6      | Reached skill level 5 in Armour
  3239 | D:6      | Reached skill level 5 in Shields
  3289 | D:6      | Found a glowing drain.
  3296 | Sewer    | Entered a sewer
  3440 | Sewer    | Reached ** piety under Makhleb
  3516 | Sewer    | Reached skill level 9 in Maces & Flails
  3587 | D:6      | Found a radiant altar of Vehumet.
  3724 | D:6      | Found a radiant altar of Vehumet.
  3769 | D:6      | Found a glowing silver altar of Zin.
  3769 | D:6      | Found a sparkling altar of Nemelex Xobeh.
  3836 | D:5      | Entered Level 5 of the Dungeon
  3891 | D:5      | Noticed a hippogriff
  3898 | D:5      | Killed a hippogriff
  3898 | D:5      | Reached XP level 9. HP: 75/78 MP: 8/8
  3905 | D:5      | Reached skill level 6 in Shields
  4072 | D:5      | Reached skill level 6 in Armour
  4185 | D:5      | Reached skill level 7 in Fighting
  4185 | D:5      | Reached skill level 10 in Maces & Flails
  4249 | D:5      | Found a runed translucent door.
  4250 | D:5      | Noticed Crazy Yiuf
  4301 | D:5      | Killed Crazy Yiuf
  4307 | D:5      | Got a scorched mace
  4308 | D:5      | Identified the +10 mace of Oxechif {crush, Str+6} (You
                  | found it on level 5 of the Dungeon)
  5166 | D:8      | Reached *** piety under Makhleb
  5193 | D:8      | Found a hide-covered altar of Uskayaw.
  5193 | D:8      | Noticed a +0 hand axe
  5193 | D:8      | Noticed a +0 hand axe
  5218 | D:8      | Found a staircase to the Lair.
  5230 | D:8      | Reached skill level 11 in Maces & Flails
  5230 | D:8      | Reached skill level 7 in Armour
  5230 | D:8      | Reached skill level 7 in Shields
  5240 | D:8      | Reached skill level 8 in Fighting
  5309 | D:8      | Noticed a two-headed ogre
  5317 | D:8      | Killed a two-headed ogre
  5317 | D:8      | Reached XP level 10. HP: 88/88 MP: 9/9
  5808 | D:8      | Found an iron altar of Okawaru.
  5929 | D:9      | Got a faintly glowing robe
  5992 | D:9      | Found a shadowy altar of Dithmenos.
  6199 | D:9      | Noticed Erica
  6210 | D:9      | Killed Erica
  6210 | D:9      | Reached skill level 12 in Maces & Flails
  6210 | D:9      | Reached skill level 8 in Armour
  6210 | D:9      | Reached skill level 8 in Shields
  6514 | D:10     | Entered Level 10 of the Dungeon
  6522 | D:10     | Found a runed translucent door.
  6522 | D:10     | Noticed exilicon's ghost (journeyman DrFE)
  6627 | D:10     | Reached **** piety under Makhleb
  6627 | D:10     | Reached skill level 9 in Fighting
  7042 | Lair:1   | Entered Level 1 of the Lair of Beasts
  7600 | Lair:1   | Noticed an oklob plant
  7600 | Lair:1   | Noticed an oklob plant
  7677 | Lair:2   | Reached skill level 13 in Maces & Flails
  7702 | Lair:2   | Found a hole to the Spider Nest.
  7717 | Lair:2   | Reached XP level 11. HP: 97/97 MP: 10/10
  7756 | Lair:2   | Noticed an eight-headed hydra
  7764 | Lair:2   | Noticed a seven-headed hydra
  7764 | Lair:2   | Killed an eight-headed hydra
  7764 | Lair:2   | Reached skill level 9 in Armour
  7764 | Lair:2   | Reached skill level 9 in Shields
  7770 | Lair:2   | HP: 22/99 [seven-headed hydra (7)]
  7774 | Lair:2   | Killed a seven-headed hydra
  8000 | Lair:2   | You fall through a shaft for 2 floors!
  8029 | Lair:4   | Reached skill level 10 in Fighting
  8139 | Lair:4   | Reached ***** piety under Makhleb
  8139 | Lair:4   | Reached skill level 14 in Maces & Flails
  8349 | Lair:4   | Reached skill level 10 in Shields
  8350 | Lair:4   | Reached skill level 10 in Armour
  8698 | Lair:4   | Noticed a four-headed hydra
  8708 | Lair:4   | Killed a four-headed hydra
  8708 | Lair:4   | Reached skill level 1 in Invocations
  8930 | Lair:3   | Found a frozen archway.
  8943 | IceCv    | Entered an ice cave
  9197 | Lair:3   | Reached skill level 2 in Invocations
  9250 | Lair:3   | Reached XP level 12. HP: 107/107 MP: 12/12
  9269 | Lair:3   | Reached skill level 15 in Maces & Flails
  9312 | Lair:3   | Reached skill level 3 in Invocations
  9784 | Lair:3   | Reached skill level 4 in Invocations
  9930 | Lair:2   | Found a runed translucent gate.
  9939 | Lair:2   | Found a runed translucent gate.
  9940 | Lair:2   | Found a runed translucent gate.
  9940 | Lair:2   | Noticed Joijeorph's ghost (journeyman GnAM)
  9940 | Lair:2   | Noticed a ten-headed hydra
  9941 | Lair:2   | Noticed an 11-headed hydra
 10107 | Lair:2   | Reached skill level 16 in Maces & Flails
 10171 | Lair:2   | Reached skill level 5 in Invocations
 10248 | Lair:2   | Reached skill level 11 in Shields
 10376 | Lair:2   | Reached skill level 6 in Invocations
 10716 | Lair:2   | Found a staircase to the Swamp.
 10853 | Lair:5   | Reached skill level 7 in Invocations
 10917 | Lair:5   | Reached skill level 12 in Shields
 10917 | Lair:5   | Reached XP level 13. HP: 110/114 MP: 17/17
 11837 | Lair:5   | Paralysed by a floating eye for 4 turns
 11963 | Lair:6   | Entered Level 6 of the Lair of Beasts
 11965 | Lair:6   | Noticed Snorg
 11980 | Lair:6   | Found a dark tunnel.
 11987 | Volcano  | Entered a volcano
 12187 | Volcano  | Reached skill level 8 in Invocations
 12383 | Volcano  | Found a burning altar of Makhleb.
 12542 | Lair:6   | Reached skill level 13 in Shields
 12574 | Lair:6   | Reached skill level 9 in Invocations
 12616 | Lair:6   | Found a staircase to the Slime Pits.
 12839 | Lair:6   | HP: 24/114 [Snorg (8)]
 12839 | Lair:6   | Killed Snorg
 12873 | Lair:6   | HP: 23/114 [four-headed hydra (8)]
 12893 | Lair:6   | HP: 20/114 [manticore (8)]
 12981 | Lair:6   | Reached skill level 14 in Shields
 13149 | Lair:6   | Reached skill level 10 in Invocations
 13527 | Lair:6   | Reached XP level 14. HP: 122/122 MP: 20/20
 13572 | Lair:6   | Got an ichor-stained halberd
 13595 | Lair:6   | Identified the +6 halberd "Yhukhiqa" {speed, Str+5 Dex+10}
                  | (You found it on level 6 of the Lair of Beasts)
 13722 | Lair:6   | Reached skill level 11 in Invocations
 13734 | Lair:6   | Reached skill level 15 in Shields
 14285 | D:11     | Noticed Grum
 14297 | D:11     | Killed Grum
 14301 | D:11     | Reached ****** piety under Makhleb
 14316 | D:11     | Found a transporter.
 14320 | D:11     | Noticed a tengu reaver
 14687 | D:11     | Noticed Urug
 14708 | D:11     | Killed Urug
 14906 | D:11     | Got a brightly glowing amber ring
 14960 | D:11     | Found a staircase to the Orcish Mines.
 14987 | D:11     | Reached skill level 4 in Dodging
 15037 | D:11     | Reached skill level 12 in Invocations
 15093 | D:11     | Found a transporter.
 15152 | D:11     | Noticed Josephine
 15169 | D:11     | Killed Josephine
 15508 | D:12     | Reached skill level 11 in Fighting
 15552 | D:12     | Noticed Frances
 15660 | D:12     | Noticed Maurice
 15670 | D:12     | Reached skill level 5 in Dodging
 15703 | D:12     | Killed Maurice
 15750 | D:12     | HP: 27/124 [green death[the player character] (8)]
 15753 | D:12     | HP: 12/124 [sixfirhy[Frances] (9)]
 15756 | D:12     | Slain by Frances

Levels and vault maps discovered:
D:1:      shiori_shiawase, layout_loops_ring, moated_statue,
          minmay_split_cup_small
D:2:      layout_basic
D:3:      layout_rooms, minmay_misc_feat_five, uniq_grinder, uniq_robin
D:4:      minmay_goblin_kobold_castle, layout_cave_pools, fedhas_altar_2,
          first_ration, serial_shops, kennysheep_mini, serial_glass,
          glass_columns_a, glass_columns_a, eino_tiny_chamber,
          nicolae_qazlal_general_emergency
D:5:      layout_basic, uniq_crazy_yiuf_cottage
D:6:      layout_basic, kennysheep_little_box, gammafunk_temple_overflow_wave,
          gup_sewer_entry_bubbles, serial_shops, nicolae_shop_waterfront,
          basic_altar
D:7:      layout_loops_corners, minmay_temple_entry_grid, the_bakery
D:8:      layout_basic, dancing_weapons_uskayaw, erik_lair_orcish_takeover,
          okawaru_trees_2
D:9:      layout_loops_ring, lemuel_round_altar, uniq_erica
D:10:     layout_cave_pools, ebering_ghost_inner_flame
D:11:     gammafunk_sealed_arena, layout_loops_ring,
          kennysheep_orc_monster_closet_entryway, minmay_variable_closet,
          uniq_urug, uniq_grum, uniq_josephine
D:12:     layout_basic, uniq_maurice, uniq_psyche, uniq_frances
Temple:   nicolae_temple_x_marks_the_god
Lair:1:   layout_loops_ring, minmay_lair_oklob_chamber
Lair:2:   layout_cave_pods, palyth_hydra_swamp_entry,
          nicolae_spider_entry_non_spiders, gammafunk_ghost_hydra_chop,
          minivault_26
Lair:3:   layout_chaotic_city, portal_ice_cave_entry_pillars_1,
          beast_lair_carwin_3
Lair:4:   layout_concentric_octagons, grunt_forest_large_clearings,
          grunt_megastairs_2
Lair:5:   layout_regular_city, disabler_island
Lair:6:   gammafunk_lair_ancient_temple, layout_regular_city, slime_dummy,
          nicolae_volcano_entry_lava_flow, st_stairs_10, uniq_snorg
Sewer:    sewer_frog_island_01
IceCv:    ice_cave_small_necro
Volcano:  volcano_lake [vl_original]

Skill      XL: |  1  2  3  4  5  6  7  8  9 10 11 12 13 14 |
---------------+-------------------------------------------+-----
Maces & Flails | 4 5 6 7 8 9 11 13 14 16 | 16.0
Fighting       | 3 4 5 6 8 9 10 11 | 11.2
Shields        | 1 2 3 4 5 7 8 10 12 14 15 | 15.0
Armour         | 1 2 3 4 5 7 8 10 | 10.0
Invocations    | 2 7 10 12 | 12.2
Dodging        | 5 |  5.1
Throwing       | |  2.0

Action                   |  1- 3 |  4- 6 |  7- 9 | 10-12 | 13-15 || total
-------------------------+-------+-------+-------+-------+-------++-------
Melee: Flail             |    81 |   138 |   149 |       |       ||   368
       Headbutt          |    10 |    29 |    55 |   173 |   267 ||   534
       Morningstar       |       |       |   114 |       |   737 ||   851
       Mace              |       |       |    87 |   581 |   196 ||   864
Throw: Javelin           |       |       |    31 |       |       ||    31
Invok: Lesser Servant of |       |       |       |     1 |     6 ||     7
       Minor Destruction |       |       |       |     1 |       ||     1
       Greater Servant o |       |       |       |       |     2 ||     2
Evoke: Wand              |       |       |       |     3 |       ||     3
  Use: Scroll            |       |     4 |       |    11 |     5 ||    20
       Potion            |       |       |     3 |     1 |     4 ||     8
 Stab: Distracted        |       |       |       |       |     1 ||     1
  Eat: Chunk             |       |     5 |    10 |    15 |    10 ||    40
       Ration            |       |       |       |     1 |     2 ||     3
Armor: Leather armour    |     4 |       |       |       |       ||     4
       Ring mail         |    21 |    42 |       |       |       ||    63
       Chain mail        |       |    64 |   123 |       |       ||   187
       Plate armour      |       |       |    25 |   281 |   354 ||   660
Dodge: Dodged            |    47 |    73 |    71 |   158 |   210 ||   559
Block: Shield            |    24 |    92 |   181 |   355 |   540 ||  1192

Table legend:
 A = Non-vault XP
 B = Vault XP
 C = Vault XP percentage of total XP
 D = Non-vault monster count
 E = Vault monster count
 F = Vault count percentage of total count
                 A         B        C        D         E       F
            +---------+---------+-------+---------+---------+-------
      Total |   57238 |   28890 |  33.5 |     435 |     166 |  27.6
            +---------+---------+-------+---------+---------+-------
        D:1 |      40 |       4 |   9.1 |      22 |       3 |  12.0
        D:2 |      59 |     290 |  83.1 |      16 |       1 |   5.9
        D:3 |     132 |      36 |  21.4 |      32 |      11 |  25.6
        D:4 |      76 |       6 |   7.3 |       3 |       3 |  50.0
        D:5 |     818 |      39 |   4.6 |      26 |       1 |   3.7
        D:6 |     736 |      22 |   2.9 |      24 |       5 |  17.2
        D:7 |    1327 |     220 |  14.2 |      29 |       1 |   3.3
        D:8 |    1462 |     547 |  27.2 |      14 |       7 |  33.3
        D:9 |    1064 |     902 |  45.9 |      21 |       1 |   4.5
       D:10 |    2382 |       0 |   0.0 |      20 |       0 |   0.0
       D:11 |    4424 |    4549 |  50.7 |      39 |      28 |  41.8
       D:12 |    4211 |     480 |  10.2 |      34 |       1 |   2.9
     Temple |      43 |       0 |   0.0 |       1 |       0 |   0.0
     Lair:1 |     809 |       0 |   0.0 |       6 |       0 |   0.0
     Lair:2 |    9665 |    2787 |  22.4 |      49 |      13 |  21.0
     Lair:3 |    5140 |     968 |  15.8 |      21 |       4 |  16.0
     Lair:4 |    3270 |    3283 |  50.1 |      15 |      26 |  63.4
     Lair:5 |    6837 |       0 |   0.0 |      27 |       0 |   0.0
     Lair:6 |   14743 |   10596 |  41.8 |      36 |      30 |  45.5
      Sewer |       0 |     168 | 100.0 |       0 |      18 | 100.0
    Volcano |       0 |    3993 | 100.0 |       0 |      13 | 100.0
            +---------+---------+-------+---------+---------+-------

Levels and vault maps discovered:
D:1:      shiori_shiawase, layout_loops_ring, moated_statue,
          minmay_split_cup_small
D:2:      layout_basic
D:3:      layout_rooms, minmay_misc_feat_five, uniq_grinder, uniq_robin
D:4:      minmay_goblin_kobold_castle, layout_cave_pools, fedhas_altar_2,
          first_ration, serial_shops, kennysheep_mini, serial_glass,
          glass_columns_a, glass_columns_a, eino_tiny_chamber,
          nicolae_qazlal_general_emergency
D:5:      layout_basic, uniq_crazy_yiuf_cottage
D:6:      layout_basic, kennysheep_little_box, gammafunk_temple_overflow_wave,
          gup_sewer_entry_bubbles, serial_shops, nicolae_shop_waterfront,
          basic_altar
D:7:      layout_loops_corners, minmay_temple_entry_grid, the_bakery
D:8:      layout_basic, dancing_weapons_uskayaw, erik_lair_orcish_takeover,
          okawaru_trees_2
D:9:      layout_loops_ring, lemuel_round_altar, uniq_erica
D:10:     layout_cave_pools, ebering_ghost_inner_flame
D:11:     gammafunk_sealed_arena, layout_loops_ring,
          kennysheep_orc_monster_closet_entryway, minmay_variable_closet,
          uniq_urug, uniq_grum, uniq_josephine
D:12:     layout_basic, uniq_maurice, uniq_psyche, uniq_frances
Temple:   nicolae_temple_x_marks_the_god
Lair:1:   layout_loops_ring, minmay_lair_oklob_chamber
Lair:2:   layout_cave_pods, palyth_hydra_swamp_entry,
          nicolae_spider_entry_non_spiders, gammafunk_ghost_hydra_chop,
          minivault_26
Lair:3:   layout_chaotic_city, portal_ice_cave_entry_pillars_1,
          beast_lair_carwin_3
Lair:4:   layout_concentric_octagons, grunt_forest_large_clearings,
          grunt_megastairs_2
Lair:5:   layout_regular_city, disabler_island
Lair:6:   gammafunk_lair_ancient_temple, layout_regular_city, slime_dummy,
          nicolae_volcano_entry_lava_flow, st_stairs_10, uniq_snorg
Sewer:    sewer_frog_island_01
IceCv:    ice_cave_small_necro
Volcano:  volcano_lake [vl_original]

Table legend:
 A = Turns spent in this place as a percentage of turns spent in the entire game.
 B = Non-inter-level travel turns spent in this place as a percentage of non-inter-level travel turns spent in the entire game.
 C = Inter-level travel turns spent in this place as a percentage of turns spent in this place.
 D = Turns resting spent in this place as a percentage of non-inter-level travel turns spent in this place.
 E = Turns spent auto-exploring this place as a percentage of non-inter-level travel turns spent in this place.
 F = Non-inter-level travel turns spent in this place divided by the number of levels of this place that you've seen.
                   A       B       C       D       E      F
               +-------+-------+-------+-------+-------+----------------------
         Total | 100.0 | 100.0 |   4.5 |  15.8 |  56.1 | 684.0
       Dungeon |  53.6 |  53.2 |   5.2 |  15.1 |  60.0 | 667.1
        Temple |   0.4 |   0.3 |  13.8 |  26.0 |  46.0 |  50.0
          Lair |  40.9 |  41.1 |   4.1 |  17.0 |  56.6 | 1030.8
         Sewer |   1.6 |   1.7 |   0.0 |   0.0 |  46.8 | 250.0
      Ice Cave |   0.1 |   0.1 |   0.0 |   0.0 |   0.0 |  11.0
       Volcano |   3.5 |   3.6 |   0.0 |  20.1 |   0.0 | 548.0
               +-------+-------+-------+-------+-------+----------------------

Table legend:
 A = Kills in this place as a percentage of kills in entire the game.
 B = Kills by you in this place as a percentage of kills by you in the entire game.
 C = Kills by friends in this place as a percentage of kills by friends in the entire game.
 D = Other kills in this place as a percentage of other kills in the entire game.
 E = Experience gained in this place as a percentage of experience gained in the entire game.
 F = Experience gained in this place divided by the number of levels of this place that you have seen.
                   A       B       C       D       E      F
               +-------+-------+-------+-------+-------+----------------------
         Total | 100.0 | 100.0 | 100.0 |   N/A | 100.0 | 3914.9
       Dungeon |  56.9 |  57.8 |   0.0 |   N/A |  27.7 | 1985.5
        Temple |   0.2 |   0.2 |   0.0 |   N/A |   0.0 |  43.0
          Lair |  37.8 |  36.8 | 100.0 |   N/A |  67.5 | 9683.0
         Sewer |   3.0 |   3.0 |   0.0 |   N/A |   0.2 | 168.0
       Volcano |   2.2 |   2.2 |   0.0 |   N/A |   4.6 | 3993.0
               +-------+-------+-------+-------+-------+----------------------
